 Dungeon Crawl Stone Soup version 0.25-a0-44-g29a1220a87 (webtiles) character file.

Game seed: 2427222217110789321, levelgen mode: deterministic

23 iamserjio the Scratcher (level 2, 0/14 HPs)
             Began as a Felid Chaos Knight on Oct 24, 2019.
             Was a Plaything of Xom.
             Slain by an adder (3 damage)
             ... on level 1 of the Dungeon.
             The game lasted 00:01:01 (828 turns).

iamserjio the Scratcher (Felid Chaos Knight)         Turns: 828, Time: 00:01:01

Health: 0/14       AC:  1    Str:  8    XL:     2   Next: 72%
Magic:  3/3        EV: 19    Int: 13    God:    Xom [....*.]
Gold:   50         SH:  0    Dex: 15    Spells: 1/1 levels left
                                        Lives:  0   Deaths: 0

rFire    . . .     SeeInvis +     - Unarmed
rCold    . . .     Gourm    .   (shield unavailable)
rNeg     . . .     Faith    .   (armour unavailable)
rPois    .         Spirit   .   (helmet unavailable)
rElec    .         Reflect  .   (cloak unavailable)
rCorr    .         Harm     .   (gloves unavailable)
MR       .....                  (boots unavailable)
Stlth    ++........             (no amulet)
HPRegen  0.04/turn              (no ring)
MPRegen  0.08/turn              (no ring)

@: lethally poisoned (0 -> -12), quick
A: very small, no armour, no weapons or thrown items, stealth, claws 1, fangs 3,
see invisible, carnivore, speed 1, shaggy fur 1, slow metabolism 1, sharp paws
a: Renounce Religion


You were on level 1 of the Dungeon.
You worshipped Xom.
You were a beloved toy of Xom.
You were completely stuffed.

You visited 1 branch of the dungeon, and saw 2 of its levels.

You collected 50 gold pieces.

Inventory:

Missiles
 b - 43 arrows
Scrolls
 c - a scroll of enchant armour {unknown}
 e - a scroll of identify {unknown}
 h - a scroll of amnesia {unknown}
Potions
 d - a potion of curing {unknown}
 f - a potion of degeneration {unknown}
Comestibles
 a - 2 rations
 g - a chunk of flesh


   Skills:
 - Level 3.0 Fighting
 + Level 3.7 Dodging
 * Level 3.7 Unarmed Combat


You had one spell level left.
You didn't know any spells.
Your spell library was empty.

Dungeon Overview and Level Annotations

Branches:
Dungeon (2/15)

Altars:


Innate Abilities, Weirdness & Mutations

You cannot wear armour.
You are incapable of wielding weapons or throwing items.
Your paws allow you to move quietly. (Stealth)
You have sharp claws.
You have razor-sharp teeth.
You have supernaturally acute eyesight. (SInv)
You are carnivorous and can eat meat at any time.
You cover ground quickly.
You are covered in fur. (AC +1)
You have a slow metabolism.
Your sharp claws are effective at attacking unaware monsters.


Message History

"Here."
Something appears before you!
You see here a leather armour {god gift}.
You aren't carrying any items that you can evoke.
Unknown command.
Okay, then.
You scratch the adder but do no damage. The adder misses you.
The adder completely misses you.
You barely miss the adder. You bite the adder, but do no damage.
The adder completely misses you.
You scratch the adder. The adder closely misses you.
You barely miss the adder. The adder bites you.
* * * LOW HITPOINT WARNING * * *
You are lethally poisoned!
The adder poisons you!
You miss the adder.
* * * LOW HITPOINT WARNING * * *
You feel sick. The adder bites you.
You die... "It's all fun and games until someone loses an eye."

# #§# #.# # #§# #.# #
#§# #.# # #§# #.# ##
#.# #.# .####.# #.#
.....[# #.#
#####.#############.##
# #..........S@....#
##################


You could see an adder.

Vanquished Creatures
  A worm (D:2)
  A giant cockroach (D:1)
  2 hobgoblins (D:1)
  5 jackals (D:1)
  5 bats (D:1)
  A kobold (D:1)
  3 rats (D:1)
18 creatures vanquished.

Notes
Turn   | Place    | Note
-------+----------+-------------------------------------------
     0 | D:1      | iamserjio the Felid Chaos Knight began the quest for the
                  | Orb.
     0 | D:1      | Reached XP level 1. HP: 10/10 MP: 2/2
   212 | D:1      | Reached XP level 2. HP: 14/14 MP: 3/3
   266 | D:1      | XOM: harmless Tloc miscast
   347 | D:1      | XOM: harmless Necr miscast
   589 | D:1      | XOM: god gift: 15 bolts
   805 | D:1      | XOM: fog
   811 | D:1      | XOM: god gift: leather armour {god gift}
   828 | D:1      | Slain by an adder

Levels and vault maps discovered:
D:1:      minmay_arrival_stone_box, layout_basic, fountainhead
D:2:      kennysheep_the_goblin_king, layout_basic, first_ration

Action                   || total
-------------------------++-------
Melee: Unarmed           ||    57
       Bite              ||     6
 Stab: Sleeping          ||     3
  Eat: Chunk             ||     7
Armor: Skin              ||     3
Dodge: Dodged            ||    42

Table legend:
 A = Non-vault XP
 B = Vault XP
 C = Vault XP percentage of total XP
 D = Non-vault monster count
 E = Vault monster count
 F = Vault count percentage of total count
                 A         B        C        D         E       F
            +---------+---------+-------+---------+---------+-------
      Total |      33 |       0 |   0.0 |      18 |       0 |   0.0
            +---------+---------+-------+---------+---------+-------
        D:1 |      28 |       0 |   0.0 |      17 |       0 |   0.0
        D:2 |       5 |       0 |   0.0 |       1 |       0 |   0.0
            +---------+---------+-------+---------+---------+-------
